Map: 匹昂台地

Players

shengy - Winner!

  • Race: Zerg Zerg
  • League: Gold

FadingLight

  • Race: Terran Terran
  • League: Gold

VOD

Have the link to the VOD?

Description

Time

  • Played on: Nov. 27, 2015, 1:22 a.m.
  • Length: 6:01
Show
View Real Time Build Order
Export as new Build Order

shengy Zerg - Winner!

Build Orders: Pool First, Zergling Baneling 

Get SALT Encoding   

  12  0:01  Drone  
  13  0:11  Drone  
  14  0:17  Overlord  
  15  0:35  Drone  
  15  0:36  Drone x2  
  17  0:42  Extractor  
  16  0:50  Spawning Pool  
  15  0:58  Drone  
  16  1:05  Drone  
  16  1:09  Drone  
  18  1:30  Hatchery  
  17  1:34  Overlord  
  17  1:45  Metabolic Boost  
  17  1:54  Queen  
  19  2:04  Zergling x4  
  19  2:06  Zergling x2  
  22  2:16  Drone  
  23  2:40  Drone x2  
  25  2:46  Queen  
  25  2:48  Drone  
  25  2:49  Drone  
  29  2:58  Drone  
  30  3:02  Baneling Nest  
  30  3:04  Extractor  
  28  3:10  Overlord  
  28  3:28  Overlord  
  28  3:29  Zergling x2  
  28  3:31  Zergling x8  
  34  3:41  Zergling x2  
  32  4:19  Zergling x10  
  32  4:20  Zergling x8  
  41  4:26  Baneling x4  
  41  4:27  Baneling x5  
  41  4:37  Overlord  
  41  4:39  Zergling x6  
  44  5:04  Zergling x4  
  44  5:05  Zergling x16  
  44  5:29  Baneling x4  
  44  5:30  Baneling  
  44  5:38  Zergling x8  
  44  5:39  Zergling x12  
Show
View Real Time Build Order
Export as new Build Order

FadingLight Terran 

Build Orders:  

Get SALT Encoding   

  12  0:00  SCV  
  13  0:13  SCV  
  14  0:17  Supply Depot  
  14  0:25  SCV  
  15  0:39  SCV  
  15  0:40  Barracks  
  16  0:44  Refinery  
  16  0:52  SCV  
  17  1:07  SCV  
  18  1:20  SCV  
  19  1:27  Supply Depot  
  19  1:29  Reaper  
  19  1:32  Orbital Command  
  20  1:36  Engineering Bay  
  20  1:58  SCV  
  20  2:00  Refinery  
  21  2:02  Barracks Reactor  
  21  2:03  Barracks  
  21  2:10  SCV  
  22  2:22  SCV  
  23  2:41  SCV  
  23  2:42  Terran Infantry Weapons Level 1  
  24  2:46  Marine x2  
  24  2:47  Command Center  
  26  2:52  Barracks Tech Lab  
  26  2:54  SCV  
  27  2:59  Factory  
  27  3:04  Marine  
  28  3:06  SCV  
  28  3:12  Stimpack  
  29  3:18  SCV  
  30  3:30  SCV  
  30  3:31  Supply Depot  
  30  3:32  Supply Depot  
  31  3:46  Factory Tech Lab  
  31  3:51  Starport  
  31  3:52  SCV, Marine x2  
  31  3:53  Marauder  
  33  4:18  Marine x2  
  33  4:19  Marauder  
  33  4:21  Hellion  
  33  4:26  SCV  
  33  4:28  Medivac  
  37  4:31  SCV  
  37  4:38  SCV, Marine  
  38  4:40  Marauder  
  38  4:43  SCV  
  42  4:51  Bunker  
  42  4:52  Bunker  
  42  4:58  Marine x2  
  33  5:41  Marine x2  
Tags
 
Add a new tag
Caveats
  • Supply blocks, unpowered buildings, or Contaminate may cause inaccurate times.
  • Supply counts are checked every 10 seconds.